 Dungeon Crawl Stone Soup version 0.31.0-11-ge490571c62 (webtiles) character file.

Game seed: 8062145303460122524

95 browni3141 the Covered (level 4, -1/40 HPs)
             Began as a Minotaur Fighter on Jan 28, 2024.
             Slain by Grinder (3 damage)
             ... on level 3 of the Dungeon.
             The game lasted 00:00:53 (1477 turns).

browni3141 the Covered (Minotaur Fighter)           Turns: 1477, Time: 00:00:54

Health: -1/40      AC:  7    Str: 22    XL:     4   Next: 40%
Magic:  3/3        EV:  9    Int:  5    God:
Gold:   119        SH:  4    Dex: 10    Spells: 3/3 levels left

rFire   + + .        a - +0 war axe
rCold   + . .        c - +0 buckler
rNeg    . . .        b - +0 scale mail
rPois   +            (helmet restricted)
rElec   +            (no cloak)
rCorr   +            (no gloves)
SInv    .            (no boots)
Will    .....        (no amulet) Stlth
                     g - ring of resist corrosion
HPRegen 0.26/turn    (no ring)
MPRegen 0.08/turn

%: no passive effects
@: resistant
A: horns 2, retaliatory headbutt, fire resistance 1, MP-powered wands
a: no special abilities


You were on level 3 of the Dungeon.
You visited 1 branch of the dungeon, and saw 3 of its levels.

You collected 119 gold pieces.

Inventory:

Hand Weapons
 a - a +0 war axe (weapon)
Armour
 b - a +0 scale mail (worn)
 c - a +0 buckler (worn)
Jewellery
 g - a ring of resist corrosion (left hand)
Scrolls
 f - a scroll of fog {unknown}
 j - a scroll of noise {unknown}
 l - a scroll of immolation {unknown}
 o - a scroll of identify {unknown}
 p - a scroll of enchant armour {unknown}
Potions
 d - a potion of might
 i - a potion of magic {unknown}
 k - a potion of enlightenment {unknown}
 m - a potion of attraction {unknown}
 n - a potion of brilliance {unknown}
 q - a potion of cancellation {unknown}
 r - a potion of lignification {unknown}


   Skills:
 + Level 4.3 Fighting
 * Level 4.0 Axes
 + Level 4.3 Armour
 + Level 4.2 Shields


You had 3 spell levels left.
You didn't know any spells.
Your spell library was empty.

Dungeon Overview and Level Annotations

Branches:
Dungeon (3/15)

Altars:
The Shining One

Annotations:
D:3 Grinder


Innate Abilities, Weirdness & Mutations

You have a pair of horns on your head.
You reflexively headbutt those who attack you in melee.
Your flesh is heat resistant. (rF+)
You expend magic power (3 MP) to strengthen your wands.


Message History

You climb downwards.
There is a stone staircase leading up here.
Okay, then.
Found an escape hatch in the ceiling.
An adder comes into view.
The adder hisses angrily.
An adder is nearby!
An adder is nearby!
You barely miss the adder. The adder closely misses you.
The adder bites you but does no damage.
An adder is nearby!
You closely miss the adder. You block the adder's attack. The adder misses you.
You miss the adder. The adder bites you.
You are poisoned.
The adder poisons you!
You closely miss the adder.
You feel sick. You block the adder's attack. x2
You slash the adder!
The adder is severely wounded.
You feel sick. The adder barely misses you. You furiously retaliate!
You headbutt the adder!
You kill the adder!
Your Axes skill increases to level 4!
You feel sick.
You feel sick.
You feel sick.
You are no longer poisoned.
HP restored.
r - a fuming yellow potion No target in view!
A quokka comes into view.
A quokka is nearby!
A quokka is nearby!
You closely miss the quokka. Your headbutt misses the quokka.
The quokka bites you but does no damage.
The quokka misses you.
A quokka is nearby!
You slash the quokka!
You kill the quokka!
No target in view!
No target in view!
No target in view!
Grinder comes into view.
Grinder shouts!
Grinder is nearby!
Grinder is nearby!
Grinder is nearby!
Grinder blinks!
Grinder gestures at you.
You suddenly lose the ability to move!
Grinder hits you but does no damage. x2
You can move again.
Unknown command.
Unknown command.
You barely miss Grinder. Grinder hits you but does no damage.
You barely miss Grinder.
Grinder says, "My boss said I was rubbish.
His entrails said otherwise."
Grinder hits you but does no damage. Grinder gestures at you.
Pain shoots through your body!
You slash Grinder! You headbutt Grinder, but do no damage.
Grinder is moderately wounded.
Grinder hits you.
You barely miss Grinder.
Grinder is moderately wounded.
Grinder gestures at you. Pain shoots through your body!
You barely miss Grinder. You headbutt Grinder!
Grinder is heavily wounded.
Grinder hits you.
You writhe in agony.
Grinder hits you.
You writhe in agony.
You hit Grinder. Your headbutt misses Grinder.
Grinder is heavily wounded.
Grinder gestures at you. Pain shoots through your body!
You barely miss Grinder. Your headbutt misses Grinder.
Grinder is heavily wounded.
Grinder barely misses you.
You closely miss Grinder.
Grinder is heavily wounded.
Grinder hits you. Grinder gestures at you. Pain shoots through your body!
You are too injured to fight recklessly!
You closely miss Grinder. Your headbutt misses Grinder.
Grinder is heavily wounded.
Grinder closely misses you.
You are too injured to fight recklessly!
You closely miss Grinder. You headbutt Grinder.
Grinder is heavily wounded.
Grinder gestures at you.
You barely resist.
You are too injured to fight recklessly!
It was a potion of resistance.
You feel protected. You block Grinder's attack.
It was a potion of mutation.
You feel extremely strange.
You feel your magical essence link to the dungeon's wands.
You feel resistant to heat. Grinder hits you.
You die...
Grinder says, "Now the real fun starts!"

#.........####...##..#
##.......#####..###..#
##.....###..........#
##...## #.###.....##
##+## #.###.###.#
#.........#
#####.##### ########.#
#@.......#
#.....5########
##$..#.# ##.##.# ...
..# ### ###


You could see Grinder.

Vanquished Creatures
  5 adders
  2 dart slugs
  2 endoplasms (D:1)
  2 giant cockroaches (D:2)
  3 goblins
  4 hobgoblins
  6 kobolds
  4 quokkas
  6 ball pythons (D:1)
  6 bats
  3 frilled lizards
  4 rats
47 creatures vanquished.

Notes
Turn   | Place    | Note
-------+----------+-------------------------------------------
     0 | D:1      | browni3141 the Minotaur Fighter began the quest for the
                  | Orb.
     0 | D:1      | Reached XP level 1. HP: 19/19 MP: 0/0
    89 | D:1      | Reached XP level 2. HP: 26/27 MP: 1/1
   894 | D:2      | Reached XP level 3. HP: 33/33 MP: 2/2
  1071 | D:2      | Reached XP level 4. HP: 26/40 MP: 3/3
  1320 | D:2      | Found a glowing golden altar of the Shining One.
  1458 | D:3      | Noticed Grinder
  1461 | D:3      | Paralysed by Grinder for 5 turns
  1473 | D:3      | HP: 1/40 [Grinder/nerve-wracking pain (3)]
  1477 | D:3      | Gained mutation: You expend magic power (3 MP) to
                  | strengthen your wands. [potion of mutation]
  1477 | D:3      | Gained mutation: Your flesh is heat resistant. (rF+)
                  | [potion of mutation]
  1477 | D:3      | Slain by Grinder

Illustrated notes

Levels and vault maps discovered:
D:1:      minmay_arrival_split_and_join, layout_basic, minmay_tetromino_i2
D:2:      layout_rooms, basic_altar, kennysheep_path_1
D:3:      layout_loops_corners, uniq_grinder

Skill      XL: |  1  2  3  4 |
---------------+-------------+-----
Axes           | 3 4 |  4.0
Armour         | 4 |  4.3
Fighting       | 4 |  4.3
Shields        | 4 |  4.2

Action                     |  1- 3 |  4- 6 || total
---------------------------+-------+-------++-------
  Melee: War axe           |    71 |    33 ||   104
         Headbutt          |     6 |     5 ||    11
    Use: Potion            |       |     2 ||     2
 Armour: Scale mail        |    57 |    23 ||    80
  Dodge: Dodged            |    32 |    15 ||    47
  Block: Buckler           |    26 |    10 ||    36
